 Dungeon Crawl Stone Soup version 0.16.1-51-g6203257 (webtiles) character file.

9578 Miyamura the Thrower (level 11, -7/109 (111) HPs)
             Began as a Troll Hunter on July 9, 2015.
             Was a High Priest of Okawaru.
             Mangled by a wight
             ... wielding a +3 trident
              (8 damage)
             ... on level 9 of the Dungeon.
             The game lasted 00:36:16 (8592 turns).

Miyamura the Thrower (Troll Hunter)                 Turns: 8592, Time: 00:36:16

HP:   -7/109 (111)  AC:  6    Str: 26    XL:     11   Next: 24%
MP:   4/4           EV: 10    Int:  7    God:    Okawaru [*****.]
Gold: 581           SH:  0    Dex: 11    Spells: 0 memorised, 10 levels left

rFire  + . .     SeeInvis .       - Unarmed
rCold  . . .     Clarity  .     d - +1 animal skin
rNeg   + . .     SustAb   .     (shield restricted)
rPois  +         Gourm    +     l - +2 hat
rElec  .         Spirit   .     A - -1 cloak of Refuge {rF+ rN+ Str+4 Dex-2}
rCorr  .         Warding  .     (gloves unavailable)
rMut   .         Stasis   .     (boots unavailable)
MR     .....                    (no amulet)
Stlth  +.........               m - -2 ring of protection (curse)
                                t - ring of poison resistance

@: about to teleport, very slightly contaminated, drained, invisible, not
resistant to hostile enchantments, very unstealthy
A: unfitting armour, claws 3, fast metabolism 3, gourmand, regeneration 2,
shaggy fur 1, tough skin 2
a: Heroism, Finesse, Renounce Religion


You were on level 9 of the Dungeon.
You worshipped Okawaru.
Okawaru was extremely pleased with you.
You were full.

You visited 2 branches of the dungeon, and saw 10 of its levels.

You collected 581 gold pieces.

Inventory:

Hand weapons
 n - a +0 giant spiked club
 s - the +2 falchion of the Heart {speed, -Tele rPois rF++ Str+4 Int+2}
   (You found it on level 4 of the Dungeon)

   Attacks with this weapon are significantly faster.
   It affects your strength (+4).
   It affects your intelligence (+2).
   It greatly protects you from fire.
   It protects you from poison.
   It prevents most forms of teleportation.
 w - the cursed +2 short sword of Karma {speed, rF- rN+ Str+2 Int+9 Dex-4, unknown}
   (You found it on level 8 of the Dungeon)

   Attacks with this weapon are significantly faster.
   It affects your strength (+2).
   It affects your intelligence (+9).
   It affects your dexterity (-4).
   It makes you vulnerable to fire.
   It protects you from negative energy.
   It has a curse placed upon it.
 y - the cursed +0 short sword of Yhiv {venom, rElec}
   (You found it on level 6 of the Dungeon)

   It poisons the flesh of those it strikes.
   It insulates you from electricity.
   It has a curse placed upon it.
Missiles
 b - 3 large rocks (quivered)
 c - 2 throwing nets
Armour
 d - a +1 animal skin (worn)
 l - a +2 hat (worn)
 A - the -1 cloak of Refuge (worn) {rF+ rN+ Str+4 Dex-2}
   (You acquired it on level 8 of the Dungeon)

   It affects your strength (+4).
   It affects your dexterity (-2).
   It protects you from fire.
   It protects you from negative energy.
Jewellery
 m - a cursed -2 ring of protection (right claw)
 t - a ring of poison resistance (left claw)
 x - an uncursed ring of ice {unknown}
Magical devices
 e - a wand of frost (31)
Potions
 a - a potion of haste
 i - 3 potions of brilliance
Books
 p - Zurrupha's Tome of Dislocated Calling
   (You found it on level 8 of the Dungeon)

   Spells                             Type                      Level
   a - Call Imp                       Summoning                    2
   b - Summon Ice Beast               Ice/Summoning                4
   c - Passage of Golubria            Translocation                4
   d - Gell's Gravitas                Hexes/Translocation          5
   e - Summon Forest                  Summoning/Translocation      5
 r - an Akashic Record {highlevel, unknown}

   This book is beyond your current level of understanding.

   Spells                             Type                      Level
   a - Dispersal                      Translocation                6
   b - Controlled Blink               Translocation                7
   c - Malign Gateway                 Summoning/Translocation      7
   d - Disjunction                    Translocation                8
   e - Singularity                    Translocation                9
Comestibles
 f - 7 meat rations
 g - 9 slices of pizza
 h - 4 beef jerkies
 j - 3 chunks of flesh
 k - 2 royal jellies
 o - 5 bread rations
 z - 10 fruits


   Skills:
 + Level 8.0(7.4) Fighting
 + Level 8.0(7.4) Maces & Flails
 + Level 9.2(8.5) Throwing
 - Level 2.3(1.7) Armour
 - Level 3.2(2.6) Dodging
 - Level 0.4(0.0) Stealth
 + Level 9.1(8.4) Unarmed Combat


You had 10 spell levels left.
You didn't know any spells.

Dungeon Overview and Level Annotations

Branches:
Dungeon (9/15)             Temple (1/1) D:6            Lair (0/8) D:8
    Orc (0/4) D:9

Altars:
Ashenzari
Cheibriados
Dithmenos
Elyvilon
Fedhas
Gozag
Kikubaaqudgha
Makhleb
Nemelex Xobeh
Okawaru
Qazlal
Ru
Sif Muna
Vehumet
Xom
Yredelemnul
Zin
The Shining One


Innate Abilities, Weirdness & Mutations

You are too large for most types of armour.
You have claws for hands.
Your metabolism is lightning-fast.
You like to eat raw meat.
You heal very quickly.
You are covered in fur (AC +1).
You have very tough skin (AC +2).


Message History

* * * LOW HITPOINT WARNING * * *
The hound completely misses you. The shadow imp gestures at you.
Pain shoots through your body!
* * * LOW HITPOINT WARNING * * *
The hound is no longer bleeding.
The hound closely misses you.
Read which item? (? for menu, Esc to quit)
Okay, then.
Drink which item? (? for menu, Esc to quit)
You fade into invisibility!
The shadow imp hits you but does no damage.
The wight hits you but does no damage. The hound closely misses you.
You are very lightly contaminated with residual magic.
Read which item? (? for menu, Esc to quit)
As you read the scroll of teleportation, it crumbles to dust.
You feel strangely unstable. The hound closely misses you.
The shadow imp hits you.
* * * LOW HITPOINT WARNING * * *
The wight hits you from afar with an enchanted trident!
You die...

...#)#(.......#.......# ####'#...
....>(.....##.#.......###........
....)#........+........>.........
..............#.......###........
...#.#....########...## #......##
..........########...# #......##
...###.##........)..## ###.##...
..................#.#####........
...###..##......@hzz.............
...# #..######...5WK...o.....####
...###...# #.####.......####.#
.........# #.# ...#######... #.#
.........##.#..#?. ..# #.#
.<.......#.# ### ### #.
.(.)......# .#))......#
.#..##....#


You could see a hungry ghost, a hound, 2 wights, a shadow imp, an orc
(wandering) and a kobold.

Vanquished Creatures
  The ghost of SaintRoka the Spear-Bearer, an experienced NaWn of Okawaru (D:6)
  The ghost of Turgon the Poker, an experienced OpSk of Ashenzari (D:8)
  A gargoyle (D:8)
  A two-headed ogre (D:8)
  Prince Ribbit (D:5)
  A wyvern (D:8)
  A human (D:7)
  6 yaks (D:7)
  A hippogriff (D:6)
  2 wargs (D:8)
  Edmund (D:6)
  A water moccasin (D:7)
  Menkaure (D:5)
  3 ice beasts
  2 sky beasts
  2 black bears (D:7)
  4 centaurs
  3 phantoms
  6 ogres
  4 orc warriors
  Sigmund (D:5)
  The ghost of Razmath the Conjurer, an average DECj (D:3)
  A giant frog (D:9)
  A wyvern skeleton (D:6)
  A wyvern zombie (D:8)
  A killer bee (D:4)
  7 wights (D:9)
  2 crimson imps
  6 jellies
  A quasit (D:7)
  2 centaur skeletons
  3 goliath beetles
  2 iguanas
  Crazy Yiuf (D:2)
  3 orc priests
  3 giant frog skeletons
  6 orc wizards
  6 worker ants
  4 hounds
  Natasha (twice) (D:6)
  A statue (D:6)
  4 sheep (D:7)
  A hound skeleton (D:4)
  A mummy (D:7)
  2 worker ant zombies (D:5)
  11 adders
  4 gnolls
  A shadow imp (D:6)
  6 worms
  2 adder zombies
  3 giant geckos
  4 oozes
  22 orcs
  A ball python (D:2)
  17 bats
  4 giant cockroaches
  11 goblins
  17 hobgoblins
  11 jackals
  8 quokkas
  A giant gecko skeleton (D:8)
  6 giant newts
  13 kobolds
  A quokka skeleton (D:9)
  17 rats
266 creatures vanquished.

Vanquished Creatures (others)
  A kobold (D:4)
1 creature vanquished.

Grand Total: 267 creatures vanquished

Notes
Turn   | Place    | Note
--------------------------------------------------------------
     0 | D:1      | Miyamura, the Troll Hunter, began the quest for the Orb.
     0 | D:1      | Reached XP level 1. HP: 19/19 MP: 1/1
    12 | D:1      | Noticed a giant frog
   125 | D:1      | Reached XP level 2. HP: 26/28 MP: 1/1
   614 | D:2      | Reached skill level 1 in Unarmed Combat
   614 | D:2      | Reached XP level 3. HP: 35/35 MP: 2/2
   759 | D:2      | Noticed Crazy Yiuf
   768 | D:2      | Killed Crazy Yiuf
   768 | D:2      | Reached XP level 4. HP: 21/42 MP: 2/2
   861 | D:2      | Reached skill level 1 in Armour
  1203 | D:2      | Reached skill level 4 in Throwing
  1266 | D:2      | Reached XP level 5. HP: 47/49 MP: 2/2
  1509 | D:2      | Found a snail-covered altar of Cheibriados.
  1937 | D:3      | Noticed Razmath's ghost (average DECj)
  2054 | D:3      | Killed Razmath's ghost
  2054 | D:3      | Reached XP level 6. HP: 42/59 MP: 3/3
  2234 | D:3      | Found a shattered altar of Ashenzari.
  2359 | D:4      | Found an iron altar of Okawaru.
  2366 | D:4      | Became a worshipper of Warmaster Okawaru
  2411 | D:4      | Found a shimmering altar of Xom.
  2583 | D:4      | Got a crystal falchion
  2584 | D:4      | Identified the +2 falchion of the Heart {speed, -Tele rPois rF++ Str+4 Int+2} (You found it on level 4 of the Dungeon)
  3023 | D:5      | Entered Level 5 of the Dungeon
  3030 | D:5      | Reached XP level 7. HP: 63/67 MP: 3/3
  3036 | D:5      | Noticed Prince Ribbit
  3130 | D:5      | Noticed Sigmund
  3144 | D:5      | Killed Sigmund
  3144 | D:5      | Acquired Okawaru's first power
  3144 | D:5      | Reached skill level 1 in Maces & Flails
  3336 | D:5      | Found an opulent altar of Gozag.
  3649 | D:5      | Noticed Menkaure
  3691 | D:4      | Reached skill level 5 in Throwing
  3785 | D:5      | Killed Menkaure
  3935 | D:5      | Found a blossoming altar of Fedhas.
  4001 | D:5      | Reached XP level 8. HP: 13/78 MP: 3/3
  4001 | D:5      | HP: 3/78 [orc/trident (6)]
  4154 | D:5      | Killed Prince Ribbit
  4334 | D:5      | Found a stormy altar of Qazlal.
  4497 | D:6      | Got a scorched short sword
  4498 | D:6      | Identified the cursed +0 short sword of Yhiv {venom, rElec} (You found it on level 6 of the Dungeon)
  4626 | D:6      | Found a staircase to the Ecumenical Temple.
  4641 | Temple   | Entered the Ecumenical Temple
  4879 | D:6      | Noticed Natasha
  4890 | D:6      | Killed Natasha
  4933 | D:6      | Reached skill level 6 in Fighting
  4933 | D:6      | Reached skill level 7 in Throwing
  4933 | D:6      | Reached XP level 9. HP: 84/90 MP: 4/4
  4994 | D:6      | Reached skill level 8 in Throwing
  5278 | D:6      | Noticed Natasha
  5278 | D:6      | Noticed SaintRoka's ghost (experienced NaWn)
  5292 | D:6      | Killed Natasha
  5301 | D:6      | Killed SaintRoka's ghost
  5301 | D:6      | Reached XP level 10. HP: 86/100 MP: 2/4
  5361 | D:6      | Noticed Edmund
  5377 | D:6      | Killed Edmund
  5477 | D:6      | Found a radiant altar of Vehumet.
  5608 | D:7      | Gained mutation: You are agile. (Dex +2) [mutagenic meat]
  5730 | D:7      | Found a white marble altar of Elyvilon.
  6829 | D:8      | Lost mutation: You are agile. (Dex +2) [mutagenic meat]
  6841 | D:8      | Found a large runed door.
  6842 | D:8      | Found a large runed door.
  6888 | D:8      | Found a large runed door.
  6888 | D:8      | Found a large runed door.
  6904 | D:8      | Got a twisted short sword
  7267 | D:8      | Found a staircase to the Lair.
  7299 | D:8      | Identified a scroll of acquirement
  7300 | D:8      | Got a jewelled cloak
  7312 | D:8      | Identified the -1 cloak of Refuge {rF+ rN+ Str+4 Dex-2} (You acquired it on level 8 of the Dungeon)
  7616 | D:8      | Noticed Turgon's ghost (experienced OpSk)
  7627 | D:8      | Killed Turgon's ghost
  7627 | D:8      | Reached skill level 9 in Throwing
  7627 | D:8      | Reached XP level 11. HP: 95/108 MP: 2/4
  7818 | D:8      | Noticed a red ugly thing
  7846 | D:8      | HP: 3/108 [red ugly thing (6)]
  8134 | D:8      | Acquired Okawaru's second power
  8331 | D:8      | Identified Zurrupha's Tome of Dislocated Calling
  8397 | D:9      | Found a staircase to the Orcish Mines.
  8589 | D:9      | HP: 2/109 [shadow imp/nerve-wracking pain (12)]
  8592 | D:9      | Mangled by a wight

Action                   |  1- 3 |  4- 6 |  7- 9 | 10-12 || total
-------------------------+-------+-------+-------+-------++-------
Melee: Unarmed           |    96 |   304 |   181 |   419 ||  1000
       Giant spiked club |       |    34 |    44 |       ||    78
Throw: Large rock        |     3 |     7 |    13 |     3 ||    26
Invok: Heroism           |       |       |     1 |     3 ||     4
  Use: Scroll            |     4 |     8 |     3 |     7 ||    22
       Potion            |       |       |     9 |     4 ||    13
 Stab: Confused          |       |     1 |       |       ||     1
       Sleeping          |       |       |       |     1 ||     1
  Eat: Chunk             |     9 |    21 |    22 |    36 ||    88
